Map: 만발의 정원 래더 (공허의 유산)

Players

harstem

  • Race: Protoss Protoss
  • Spawn Location: 7:00

Maru - Winner!

  • Race: Terran Terran
  • League: Diamond
  • Spawn Location: 1:00

Event: WESG 2016 Finals

VOD

Have the link to the VOD?

Description

Time

  • Played on: Jan. 12, 2017, 6:57 a.m.
  • Length: 9:23

All games in this series

Show
View Real Time Build Order
Export as new Build Order

harstem Protoss 

Build Orders: Oracle Opening, Phoenix Opening 

Get SALT Encoding   

  12  0:00  Probe (Chrono Boost)  
  13  0:11  Probe (Chrono Boost)  
  14  0:18  Pylon  
  14  0:22  Probe (Chrono Boost)  
  15  0:37  Probe (Chrono Boost), Gateway  
  16  0:47  Probe (Chrono Boost)  
  16  0:48  Assimilator  
  17  0:58  Probe (Chrono Boost)  
  18  1:08  Probe (Chrono Boost)  
  19  1:19  Probe (Chrono Boost)  
  19  1:21  Assimilator  
  19  1:25  Zealot  
  22  1:26  Cybernetics Core  
  22  1:27  Pylon  
  22  1:29  Probe (Chrono Boost)  
  23  1:45  Probe (Chrono Boost)  
  25  2:03  Adept  
  25  2:05  Stargate  
  26  2:11  Pylon  
  26  2:12  Probe (Chrono Boost)  
  27  2:26  Probe (Chrono Boost)  
  29  2:38  Probe (Chrono Boost)  
  29  2:42  Adept  
  29  2:43  Oracle  
  34  3:03  Pylon  
  34  3:09  Adept  
  34  3:15  Oracle  
  34  3:18  Probe (Chrono Boost)  
  40  3:35  Mothership Core (Chrono Boost)  
  40  3:50  Nexus  
  40  3:54  Probe (Chrono Boost), Phoenix  
  43  3:57  Gateway  
  43  3:59  Gateway  
  43  4:04  Probe (Chrono Boost)  
  44  4:15  Probe (Chrono Boost)  
  45  4:25  Probe (Chrono Boost), Pylon  
  46  4:36  Probe (Chrono Boost)  
  46  4:38  Warp Gate  
  47  4:47  Nexus, Probe (Chrono Boost)  
  47  4:51  Robotics Facility  
  49  5:00  Probe (Chrono Boost)  
  49  5:06  Probe (Chrono Boost)  
  50  5:12  Sentry, Probe (Chrono Boost)  
  53  5:15  Assimilator  
  53  5:17  Probe (Chrono Boost)  
  53  5:19  Assimilator  
  54  5:22  Stalker  
  54  5:23  Stalker  
  54  5:24  Probe (Chrono Boost)  
  59  5:29  Probe (Chrono Boost)  
  61  5:35  Probe (Chrono Boost)  
  61  5:39  Probe (Chrono Boost)  
  62  5:46  Robotics Bay  
  62  5:47  Probe (Chrono Boost)  
  62  5:49  Pylon  
  64  5:50  Immortal, Probe (Chrono Boost)  
  68  5:59  Probe (Chrono Boost)  
  68  6:01  Probe x2 (Chrono Boost)  
  73  6:11  Probe x3 (Chrono Boost)  
  74  6:22  Probe (Chrono Boost)  
  74  6:23  Probe x2 (Chrono Boost)  
  77  6:27  Colossus, Gateway  
  77  6:28  Gateway  
  77  6:30  Pylon  
  83  6:42  Stalker x2  
  83  6:45  Stalker  
  89  6:51  Probe (Chrono Boost)  
  89  6:52  Probe (Chrono Boost)  
  89  6:53  Probe (Chrono Boost)  
  86  7:04  Probe (Chrono Boost)  
  86  7:05  Stalker x2  
  87  7:11  Stalker  
  87  7:14  Colossus  
  96  7:23  Forge, Probe (Chrono Boost)  
  96  7:25  Gateway  
  96  7:33  Adept x2  
  100  7:37  Pylon  
  100  7:39  Pylon  
  101  7:46  Probe (Chrono Boost), Pylon  
  101  7:55  Probe (Chrono Boost), Adept  
  92  8:00  Adept x3  
  92  8:01  Adept  
  90  8:08  Colossus  
  88  8:16  Stalker  
  94  8:23  Stalker x2  
  93  8:31  Stalker x2  
  78  8:42  Probe x2 (Chrono Boost)  
  78  8:44  Probe (Chrono Boost)  
  79  8:53  Probe (Chrono Boost)  
  79  8:55  Sentry, Adept  
  84  8:59  Stalker, Sentry  
  89  9:03  Probe (Chrono Boost)  
  89  9:04  Probe (Chrono Boost)  
Show
View Real Time Build Order
Export as new Build Order

Maru Terran - Winner!

Build Orders: Cyclone Opening, MMM Bio 

Get SALT Encoding   

  12  0:00  SCV  
  13  0:12  SCV  
  14  0:17  Supply Depot  
  14  0:24  SCV  
  15  0:39  SCV  
  15  0:41  Barracks  
  16  0:48  Refinery  
  16  0:51  SCV  
  16  0:55  Refinery  
  17  1:03  SCV  
  18  1:15  SCV  
  19  1:28  Orbital Command  
  19  1:29  Reaper  
  20  1:39  Supply Depot  
  20  1:49  Factory  
  20  1:55  SCV  
  21  2:07  SCV  
  22  2:21  SCV  
  23  2:33  Cyclone  
  23  2:35  SCV  
  27  2:37  Command Center  
  27  2:45  Supply Depot  
  27  2:47  SCV  
  28  2:54  Starport  
  28  2:59  SCV  
  29  3:07  Cyclone  
  32  3:18  SCV  
  33  3:26  Barracks  
  33  3:30  Viking  
  33  3:32  SCV  
  35  3:39  Cyclone  
  38  3:44  SCV  
  38  3:51  Orbital Command  
  38  4:01  SCV  
  39  4:04  Starport Reactor  
  39  4:12  Barracks x2, Orbital Command  
  39  4:15  Barracks Tech Lab  
  39  4:16  Factory Reactor  
  39  4:17  SCV  
  39  4:22  Engineering Bay  
  39  4:29  SCV  
  39  4:33  Marine  
  39  4:34  Stimpack  
  39  4:38  SCV  
  41  4:42  SCV  
  42  4:48  Missile Turret, Terran Infantry Weapons Level 1  
  42  4:50  Starport Reactor  
  42  4:54  SCV  
  42  4:55  Missile Turret  
  42  4:58  Factory Reactor  
  43  5:01  SCV  
  43  5:04  Supply Depot  
  43  5:06  SCV  
  44  5:13  SCV  
  45  5:18  SCV  
  45  5:20  Marine x5  
  51  5:23  Supply Depot  
  52  5:28  SCV  
  52  5:30  SCV  
  52  5:31  Medivac x2  
  57  5:36  Widow Mine  
  57  5:37  Marine, Widow Mine  
  62  5:44  Marine x2, Supply Depot  
  62  5:45  Marine  
  62  5:46  Marine  
  62  5:48  Marine  
  67  5:50  SCV  
  67  5:51  SCV  
  67  5:55  Supply Depot  
  69  5:57  Marine  
  70  6:05  Marine x2, Medivac  
  70  6:08  Widow Mine x2  
  78  6:11  Supply Depot  
  78  6:16  Supply Depot  
  78  6:17  Marine x2, SCV  
  82  6:20  SCV  
  83  6:27  Barracks Tech Lab  
  83  6:29  Barracks, SCV  
  83  6:33  SCV  
  83  6:35  Combat Shields  
  83  6:38  Marine x4  
  83  6:39  Marine  
  89  6:41  SCV  
  89  6:45  SCV, Terran Infantry Armor Level 1  
  91  6:50  Liberator  
  91  6:51  Marine  
  92  6:55  Marine  
  92  6:56  Marine  
  92  7:04  Marine x2  
  92  7:05  Marauder, Widow Mine x2  
  98  7:09  Marine  
  96  7:18  Barracks Reactor  
  96  7:19  Barracks Tech Lab  
  96  7:20  Marine x2  
  96  7:21  SCV x2  
  96  7:22  Marine  
  101  7:23  Refinery  
  101  7:24  Refinery  
  101  7:26  Marauder  
  99  7:35  Marine, Marauder  
  102  7:40  Marine  
  101  7:45  Marine  
  101  7:49  Marine, Widow Mine x2  
  101  7:50  Marauder  
  101  7:51  Marauder  
  109  7:53  Marine  
  109  7:57  Marauder  
  109  7:58  Marine  
  103  8:03  Marine  
  91  8:07  Marine  
  91  8:10  Marine  
  91  8:11  Marauder  
  91  8:12  Marauder  
  90  8:16  Marine  
  90  8:18  Marauder  
  93  8:20  Marine  
  93  8:25  Marine  
  95  8:28  Marine  
  95  8:32  Marine  
  95  8:33  Marine  
  95  8:34  Marauder  
  94  8:38  Marine  
  94  8:39  Marauder  
  90  8:43  Marine  
  90  8:46  Marine  
  89  8:49  Widow Mine x2  
  89  8:50  Marine  
  89  8:51  Marine  
  89  8:55  Marauder  
  100  8:56  Marine  
  100  9:00  Marine, Supply Depot  
  100  9:01  Marauder  
  104  9:04  Marine  
Tags
 
Add a new tag
Caveats
  • Supply blocks, unpowered buildings, or Contaminate may cause inaccurate times.
  • Supply counts are checked every 10 seconds.